Map: Romanticide LE

Players

BurninLegion

  • Race: Zerg Zerg
  • League: Diamond
  • Spawn Location: 11:00

Pumba - Winner!

  • Race: Zerg Zerg
  • League: Diamond
  • Spawn Location: 5:00

VOD

Have the link to the VOD?

Description

Time

  • Played on: Aug. 24, 2021, 5:59 p.m.
  • Length: 5:14
Show
View Real Time Build Order
Export as new Build Order

BurninLegion Zerg 

Build Orders: Hatch First 

Get SALT Encoding   

  12  0:00  Drone  
  13  0:13  Overlord  
  13  0:17  Drone  
  14  0:31  Drone x2  
  16  0:48  Hatchery  
  15  0:51  Drone  
  15  0:55  Drone  
  17  0:59  Drone  
  18  1:12  Spawning Pool  
  18  1:14  Extractor  
  18  1:17  Drone  
  17  1:20  Drone  
  18  1:28  Drone  
  19  1:50  Overlord  
  19  1:56  Drone  
  20  2:01  Queen  
  20  2:02  Queen  
  24  2:08  Zergling x2  
  25  2:16  Metabolic Boost  
  25  2:20  Drone  
  26  2:25  Zergling x2  
  26  2:26  Zergling x6  
  30  2:38  Hatchery  
  29  2:46  Drone x3  
  29  2:49  Drone  
  33  3:03  Baneling Nest  
  32  3:07  Overlord  
  32  3:08  Drone x3  
  35  3:16  Drone  
  35  3:19  Overlord  
  37  3:27  Drone x4  
  39  3:45  Drone x3  
  39  3:46  Drone  
  43  3:49  Zergling x2  
  43  3:50  Zergling x4  
  43  3:52  Zergling x4  
  47  3:56  Queen  
  49  4:05  Baneling x3  
  49  4:09  Zergling x10  
  54  4:14  Zergling x2  
  52  4:21  Zergling x4  
  38  4:43  Zergling x2  
  38  4:44  Zergling x18  
  46  4:49  Zergling x2  
Show
View Real Time Build Order
Export as new Build Order

Pumba Zerg - Winner!

Build Orders: Pool First, Zergling Baneling 

Get SALT Encoding   

  12  0:00  Drone  
  13  0:12  Overlord  
  13  0:17  Drone  
  14  0:30  Drone  
  14  0:31  Drone  
  16  0:37  Drone  
  17  0:44  Spawning Pool  
  17  0:47  Extractor  
  17  0:49  Drone  
  17  0:59  Drone  
  18  1:12  Hatchery  
  18  1:15  Drone  
  18  1:21  Extractor  
  17  1:26  Drone  
  17  1:31  Drone  
  19  1:33  Queen  
  21  1:41  Zergling x2  
  22  1:50  Overlord  
  22  2:08  Queen  
  24  2:20  Drone x2  
  24  2:22  Metabolic Boost  
  26  2:25  Drone x2  
  29  2:37  Drone x2  
  30  2:45  Hatchery  
  29  2:52  Drone x3  
  29  2:53  Overlord  
  29  2:58  Zergling x4  
  33  3:03  Spore Crawler  
  33  3:04  Spine Crawler  
  32  3:07  Zergling x2  
  33  3:17  Baneling Nest  
  32  3:22  Zergling x8  
  36  3:31  Zergling x8  
  36  3:33  Zergling x2  
  41  3:37  Overlord  
  40  3:49  Zergling x4  
  42  4:01  Baneling x2  
  42  4:02  Baneling x2  
  42  4:03  Baneling x4  
  42  4:05  Zergling x10  
  45  4:25  Zergling x6  
  45  4:26  Zergling x12  
  50  4:38  Baneling  
  50  4:39  Baneling x3  
  50  4:49  Zergling x12  
Tags
 
Add a new tag
Caveats
  • Supply blocks, unpowered buildings, or Contaminate may cause inaccurate times.
  • Supply counts are checked every 10 seconds.